 Dungeon Sprint DCSS version 0.30-a0-738-g116ff8c4af (webtiles) character file.

Game seed: 9425546212174735882

635 BigDaddyOpFi the Demonic Cataclysm (level 7, -4/60 HPs)
             Began as a Demonspawn Fighter on Feb 3, 2023.
             Was a High Priest of Qazlal.
             Slain by a cane toad (18 damage)
             ... in the Dungeon (Sprint VII: "The Pits").
             The game lasted 00:01:23 (975 turns).

BigDaddyOpFi the Demonic Cataclysm (DsFi)            Turns: 975, Time: 00:01:24

Health: -4/60      AC:  9    Str: 18    XL:     7   Next: 25%
Magic:  15/15      EV: 10    Int: 10    God:    Qazlal [*****.]
Gold:   0          SH: 16    Dex: 12    Spells: 6/6 levels left

rFire   . . .      SeeInvis .    a - +0 war axe
rCold   . . .      Faith    .    c - +0 buckler
rNeg    . . .      Spirit   .    d - +3 ring mail
rPois   .          Reflect  .    (no helmet)
rElec   .          Harm     .    (no cloak)
rCorr   .          Rampage  .    (no gloves)
Will    .....      NoTele   +    (no boots)
Stlth   +                        (no amulet)
HPRegen 0.30/turn                (no ring)
MPRegen 0.14/turn                (no ring)

@: lethally poisoned (-4 -> -13), repel missiles
A: large bone plates 1, foul stench 1, spiny 1, weakness stinger 1
a: Renounce Religion, Upheaval, Elemental Force, Disaster Area


You were in the Dungeon.
You worshipped Qazlal.
Qazlal was extremely pleased with you.
You visited 1 branch

Inventory:

Hand Weapons
 a - a +0 war axe (weapon)
Armour
 c - a +0 buckler (worn)
 d - a +3 ring mail (worn)
Scrolls
 j - a scroll of blinking
Potions
 e - a potion of heal wounds
 f - 3 potions of curing
 g - a potion of haste
 h - 4 potions of magic
 i - 2 potions of berserk rage
 k - 2 potions of invisibility


   Skills:
 + Level 7.1 Fighting
 + Level 6.1 Axes
 + Level 6.4 Armour
 + Level 6.5 Shields
 * Level 11.8 Invocations


You had 6 spell levels left.
You didn't know any spells.
Your spell library was empty.

Dungeon Overview and Level Annotations

Branches:
Dungeon (1/1)

Altars:
Ashenzari
Cheibriados
Dithmenos
Fedhas
Gozag
Hepliaklqana
Kikubaaqudgha
Makhleb
Nemelex Xobeh
Okawaru
Qazlal
Ru
Sif Muna
Trog
Uskayaw
Vehumet
Wu Jian
Xom
Yredelemnul
Jiyva
Lugonu


Innate Abilities, Weirdness & Mutations

You are partially covered in large bone plates. (SH +4)
You may rarely emit foul miasma when damaged in melee.
You are partially covered in sharp spines.
You have a small tail.


Message History

You destroy the ball python skeleton!
Qazlal accepts your kill.
There is an open door here.
You open the door.
A cane toad comes into view.
The cane toad gives a loud, deep croak!
You hit the cane toad but do no damage. The cane toad stings you!
You are poisoned.
The cane toad poisons you! The cane toad stings you!
You hit the cane toad but do no damage.
You feel very sick. The cane toad is struck by your spines.
The cane toad stings you!
You are lethally poisoned!
The cane toad poisons you!
You feel better. You block the cane toad's attack.
You hit the cane toad.
Your tail-slap misses the cane toad.
The cane toad is moderately wounded.
The cane toad is struck by your spines. The cane toad closely misses you.
The cane toad is struck by your spines. The cane toad closely misses you.
You hit the cane toad but do no damage.
The cane toad is heavily wounded.
You block the cane toad's attack.
You hit the cane toad. You tail-slap the cane toad.
The cane toad is severely wounded.
The cane toad stings you.
You are poisoned.
The cane toad poisons you! The cane toad barely misses you.
You hit the cane toad.
The cane toad is severely wounded.
You feel extremely sick. You block the cane toad's attack.
You hit the cane toad.
The cane toad is severely wounded.
You feel very sick. You block the cane toad's attack. x2
You hit the cane toad but do no damage. You tail-slap the cane toad.
The cane toad is almost dead.
You feel very sick. The cane toad is struck by your spines.
The cane toad stings you!!
You die...

#.#..[)))[.##.......#
#)###########.......#
#)).....# #########
#.รท#.#..# #.##.##.#
#.......#+#
#.##.##.#.+
#..#.#..#F#
#.......'@#
###########


You could see a cane toad.

Vanquished Creatures
  A flying skull (D)
  Duvessa (D)
  A floating eye (D)
  A scorpion (D)
  Dowan (D)
  A gnoll bouda (D)
  3 orc wizards (D)
  3 gnolls (D)
  An adder (D)
  An ufetubus (D)
  A worm (D)
  2 orcs (D)
  An endoplasm (D)
  2 giant cockroaches (D)
  A hobgoblin (D)
  A ball python skeleton (D)
  2 rats (D)
24 creatures vanquished.

Notes
Turn   | Place    | Note
-------+----------+-------------------------------------------
     0 | D        | BigDaddyOpFi the Demonspawn Fighter began the quest for the
                  | Orb.
     0 | D        | Reached XP level 1. HP: 18/18 MP: 1/1
    22 | D        | Found a bloodstained altar of Trog.
    22 | D        | Found a shimmering blue altar of Sif Muna.
    22 | D        | Found a viscous altar of Jiyva.
    22 | D        | Found a hazy altar of Hepliaklqana.
    22 | D        | Found an opulent altar of Gozag.
    23 | D        | Found a basalt altar of Yredelemnul.
    23 | D        | Found a shimmering altar of Xom.
    23 | D        | Found an ornate altar of the Wu Jian Council.
    23 | D        | Found a sacrificial altar of Ru.
    23 | D        | Found a stormy altar of Qazlal.
    23 | D        | Found an iron altar of Okawaru.
    23 | D        | Found a sparkling altar of Nemelex Xobeh.
    23 | D        | Found a burning altar of Makhleb.
    23 | D        | Found a blossoming altar of Fedhas.
    23 | D        | Found a shadowy altar of Dithmenos.
    23 | D        | Found a snail-covered altar of Cheibriados.
    24 | D        | Found a radiant altar of Vehumet.
    24 | D        | Found a corrupted altar of Lugonu.
    25 | D        | Found an ancient bone altar of Kikubaaqudgha.
    25 | D        | Found a hide-covered altar of Uskayaw.
    25 | D        | Found a broken altar of Ashenzari.
    28 | D        | Became a worshipper of Qazlal Stormbringer
    58 | D        | Reached skill level 2 in Invocations
    58 | D        | Gained mutation: You are partially covered in large bone
                  | plates. (SH +4) [demonic ancestry]
    58 | D        | Reached XP level 2. HP: 16/24 MP: 1/3
    61 | D        | Noticed a scorpion
    71 | D        | Killed a scorpion
    71 | D        | Reached * piety under Qazlal
    72 | D        | Reached skill level 5 in Invocations
    72 | D        | Gained mutation: You are partially covered in sharp spines.
                  | [demonic ancestry]
    72 | D        | Reached XP level 3. HP: 31/31 MP: 2/7
    72 | D        | Gained mutation: You may rarely emit foul miasma when
                  | damaged in melee. [demonic ancestry]
    72 | D        | Reached XP level 4. HP: 38/38 MP: 2/8
   393 | D        | Reached ** piety under Qazlal
   394 | D        | Reached skill level 6 in Invocations
   395 | D        | Reached skill level 7 in Invocations
   401 | D        | Reached skill level 5 in Fighting
   644 | D        | Reached *** piety under Qazlal
   645 | D        | Reached XP level 5. HP: 44/44 MP: 10/10
   703 | D        | Noticed Dowan
   708 | D        | Noticed Duvessa
   711 | D        | Noticed a floating eye
   712 | D        | Reached skill level 8 in Invocations
   713 | D        | Reached **** piety under Qazlal
   713 | D        | Paralysed by a floating eye for 3 turns
   714 | D        | Reached skill level 5 in Armour
   714 | D        | Reached skill level 5 in Shields
   716 | D        | Noticed a flying skull
   718 | D        | Killed a floating eye
   719 | D        | Reached skill level 5 in Axes
   719 | D        | Reached skill level 9 in Invocations
   719 | D        | Reached XP level 6. HP: 48/52 MP: 11/13
   726 | D        | Killed a flying skull
   726 | D        | Reached ***** piety under Qazlal
   726 | D        | Killed Dowan
   727 | D        | Reached skill level 11 in Invocations
   727 | D        | Gained mutation: You have a small tail. [demonic ancestry]
   727 | D        | Reached XP level 7. HP: 42/59 MP: 12/15
   740 | D        | Killed Duvessa
   966 | D        | Noticed a cane toad
   975 | D        | Slain by a cane toad

Illustrated notes

Levels and vault maps discovered:
D:        pitsprint [storerooms_1, entrance_room_1, metal_vault_6, armoury_1,
          mini_pit_1, grid_room_1, main_hall_1, silver_pit, the_coven_1,
          the_vestibule_1, steel_vault_4, golden_pit, hallway_of_sentries,
          crystal_vault_3, iron_vault_2, final_vault]

Skill      XL: |  1  2  3  4  5  6  7 |
---------------+----------------------+-----
Axes           | 2 3 4 5 6 |  6.1
Armour         | 3 4 5 6 |  6.4
Shields        | 3 4 5 6 |  6.5
Invocations    | 2 5 7 9 11 | 11.8
Fighting       | 4 5 6 7 |  7.1

Action                     |  1- 3 |  4- 6 |  7- 9 || total
---------------------------+-------+-------+-------++-------
  Melee: War axe           |    20 |    28 |    23 ||    71
         Tailslap          |       |       |     3 ||     3
    Use: Potion            |     1 |     5 |     4 ||    10
 Armour: Scale mail        |     9 |     3 |       ||    12
         Ring mail         |       |     2 |     4 ||     6
  Dodge: Dodged            |    10 |    15 |     9 ||    34
  Block: Buckler           |     6 |    29 |    25 ||    60

Table legend: (Time is in decaauts)
 A = Elapsed time spent in this place.
 B = Non-inter-level travel time spent in this place.
 C = Inter-level travel time spent in this place.
 D = Time resting spent in this place.
 E = Time spent auto-exploring this place.
 F = Levels seen in this place.
 G = Mean time per level.
                   A        B        C        D        E       F      G
               +--------+--------+--------+--------+--------+-----+--------+
         Total |   1010 |    996 |     14 |    750 |      0 |   1 | 1010.0 |
       Dungeon |   1010 |    996 |     14 |    750 |      0 |   1 | 1010.0 |
               +--------+--------+--------+--------+--------+-----+--------+

Top non-repeatable levels by time:
       D: 1010 daAuts
